 Dungeon Crawl Stone Soup version 0.29.0-4-gdea44cf6ec (webtiles) character file.

Game seed: 15859998853244001498

203 qw the Chopper (level 5, -3/42 HPs)
             Began as a Ghoul Summoner on Sept 9, 2022.
             Slain by an iron imp (7 damage)
             ... summoned by Eustachio
             ... on level 4 of the Dungeon.
             The game lasted 00:01:56 (4881 turns).

qw the Chopper (Ghoul Summoner)                     Turns: 4881, Time: 00:01:57

Health: -3/42      AC:  6    Str: 14    XL:     5   Next: 81%
Magic:  3/6        EV: 10    Int: 10    God:
Gold:   123        SH:  0    Dex:  9    Spells: 6/7 levels left

rFire   . . .      SeeInvis +   Y - +0 hand axe
rCold   + . .      Faith    .   (no shield)
rNeg    + + +      Spirit   .   b - +0 ring mail
rPois   inf        Reflect  .   (no helmet)
rElec   .          Harm     .   c - +0 cloak
rCorr   .          Rampage  .   (no gloves)
Will    .....                   (no boots)
Stlth   +.........              j - amulet of regeneration
HPRegen 0.00/turn               l - ring of see invisible
MPRegen 0.10/turn               (no ring)

@: inhibited regen
A: claws 1, cold resistance 1, negative energy resistance 3, inhibited
regeneration, torment resistance 2, devour on kill
a: no special abilities


You were on level 4 of the Dungeon.
You visited 1 branch of the dungeon, and saw 4 of its levels.

You collected 123 gold pieces.


Innate Abilities, Weirdness & Mutations

You are immune to poison.
You have sharp fingernails.
Your flesh is cold resistant. (rC+)
You are immune to negative energy. (rN+++)
You do not regenerate when monsters are visible.
You are immune to unholy pain and torment.
You thrive by killing the living.


   Skills:
 + Level 2.6 Fighting
 - Level 4.2 Axes
 - Level 1.7 Dodging
 - Level 2.1 Stealth
 - Level 1.7 Spellcasting
 - Level 3.6 Summonings


You had 6 spell levels left.
You knew the following spells:

 Your Spells              Type           Power      Damage    Failure   Level
a - Summon Small Mammal   Summ           32%        N/A       16%         1

Your spell library contained the following spells:

 Spells                   Type           Power      Damage    Failure   Level
 Call Imp                 Summ           8%         N/A       22%         2
 Call Canine Familiar     Summ           8%         N/A       41%         3
 Summon Guardian Golem    Hex/Summ       4%         N/A       67%         3
 Summon Lightning Spire   Summ/Air       4%         N/A       97%         4

Inventory:

Hand Weapons
 g - a +0 whip
 Y - a +0 hand axe (weapon)
Armour
 b - a +0 ring mail (worn)
 c - a +0 cloak (worn)
Jewellery
 j - an amulet of regeneration (around neck)
 l - a ring of see invisible (left claw)
Scrolls
 f - 2 scrolls of teleportation {unknown}
 m - a scroll of enchant armour {unknown}
Potions
 a - a potion of haste
 d - a potion of curing
 e - a potion of cancellation {unknown}
 h - a potion of ambrosia {unknown}
 i - a potion of flight {unknown}
 k - 2 potions of might
 n - a potion of brilliance {unknown}

Dungeon Overview and Level Annotations

Branches:
Dungeon (4/15)
 Temple: D:4-7

Altars:
Cheibriados

Shops:
D:4 (

Annotations:
D:4 Eustachio


Message History

Eustachio brags, "I can call spirits from the vasty deep."
Eustachio closely misses you.
The white imp hits you but does no damage.
You hit Eustachio but do no damage. You barely miss the white imp.
Your bat hits Eustachio but does no damage.
Your bat hits the iron imp but does no damage.
The iron imp closely misses your bat.
Your bat closely misses Eustachio.
Eustachio hits you with a +0 falchion.
The white imp hits you but does no damage.
You closely miss Eustachio. You closely miss the white imp.
Your bat hits Eustachio but does no damage.
Your bat closely misses the white imp.
Eustachio hits you but does no damage.
The white imp shouts, "Bolt, thou foul-breathed weeb-spouting tiler!"
The white imp gestures at you. The puff of frost hits you. You resist.
You closely miss Eustachio. You claw Eustachio, but do no damage.
You hit the iron imp but do no damage. You hit the white imp.
Your bat barely misses the iron imp.
Your bat closely misses the iron imp.
Your bat hits the iron imp but does no damage.
Eustachio calls on the powers of shadow!
Eustachio hits you with a +0 falchion. The white imp hits you.
The white imp freezes you. You resist. The iron imp hits you!
Your bat hits the iron imp but does no damage.
You slash the white imp!
You kill the white imp!
The white imp disappears in a puff of smoke!
You hit Eustachio but do no damage. You hit the iron imp.
Your bat hits the iron imp but does no damage.
Your bat hits the iron imp. Eustachio hits you with a +0 falchion!
Your bat hits the iron imp but does no damage.
The iron imp hits you.
You hit the iron imp but do no damage.
The iron imp is lightly wounded.
You hit Eustachio but do no damage. You closely miss the shadow imp.
Your bat barely misses the iron imp.
Your bat hits the iron imp but does no damage. x2
Eustachio hits you with a +0 falchion.
The shadow imp hits you but does no damage.
The iron imp hits you!
You die...

##...##
#########.....#
#............##
#.#########...####
#.# #.......
####.##### #...####
#........# ##'###
#.##b###.# ##...## #
#@5.# ##<....##
#@5.# #.......##
>...# #.........##
.......+.........'.
.#...##.#.........##
#...... .##.....).##
# ###.# ###.....##
.# ##...## ##+#


You could see Eustachio (ally target), an iron imp (summoned), a shadow imp
(summoned) and a friendly bat (summoned).

Vanquished Creatures
  A necrophage (D:3)
  6 adders
  2 worms
  A dart slug (D:3)
  An orc (D:3)
  5 endoplasms
  2 giant cockroaches
  3 goblins
  4 hobgoblins
  6 jackals (D:3)
  3 quokkas
  4 ball pythons
  2 bats (D:1)
  2 frilled lizards
  9 kobolds
  2 rats
53 creatures vanquished.

Vanquished Creatures (collateral kills)
  An adder (D:2)
  A dart slug (D:2)
  2 ball pythons
  2 endoplasms
  3 goblins (D:1)
  A hobgoblin (D:1)
  3 kobolds
  2 frilled lizards
  A rat (D:1)
16 creatures vanquished.

Grand Total: 69 creatures vanquished

Notes
Turn   | Place    | Note
-------+----------+-------------------------------------------
     0 | D:1      | qw the Ghoul Summoner began the quest for the Orb.
     0 | D:1      | Reached XP level 1. HP: 14/14 MP: 2/2
     0 | D:1      | 0 ||| qw: Version: 0.1-a-113-g051387a
     0 | D:1      | 0 ||| qw: Game counter: 6999
     0 | D:1      | 0 ||| qw: Always use a shield: true
     0 | D:1      | 0 ||| qw: God list: Okawaru
     0 | D:1      | 0 ||| qw: Allow faded altars: false
     0 | D:1      | 0 ||| qw: Do Orc after D:15 true
     0 | D:1      | 0 ||| qw: Do second Lair branch before Depths: true
     0 | D:1      | 0 ||| qw: Lair rune preference: random
     0 | D:1      | 0 ||| qw: Plans: Normal
     0 | D:1      | 0 ||| PLANNING D:1-11
     4 | D:1      | 4 ||| CASTING Summon Small Mammal
     5 | D:1      | 5 ||| CASTING Summon Small Mammal
   113 | D:1      | 113 ||| Wielding weapon +0 dagger.
   135 | D:1      | 135 ||| CASTING Summon Small Mammal
   136 | D:1      | 136 ||| CASTING Summon Small Mammal
   170 | D:1      | 170 ||| SWAPPING to +0 short sword.
   171 | D:1      | 171 ||| CASTING Summon Small Mammal
   172 | D:1      | 172 ||| CASTING Summon Small Mammal
   179 | D:1      | HP: 3/14 [hobgoblin (2)]
   183 | D:1      | 183 ||| CASTING Summon Small Mammal
   185 | D:1      | Reached skill level 1 in Axes
   459 | D:1      | 459 ||| DROPPING +0 dagger.
   473 | D:1      | 473 ||| CASTING Summon Small Mammal
   474 | D:1      | 474 ||| CASTING Summon Small Mammal
   524 | D:1      | 524 ||| CASTING Summon Small Mammal
   525 | D:1      | 525 ||| CASTING Summon Small Mammal
   531 | D:1      | Reached XP level 2. HP: 22/22 MP: 0/3
   534 | D:1      | Reached skill level 1 in Fighting
   536 | D:1      | 536 ||| CASTING Summon Small Mammal
   549 | D:1      | 549 ||| CASTING Summon Small Mammal
   604 | D:1      | 604 ||| SWAPPING to +0 whip.
   605 | D:1      | 605 ||| DROPPING +0 short sword.
   612 | D:1      | 612 ||| CASTING Summon Small Mammal
   613 | D:1      | 613 ||| CASTING Summon Small Mammal
   614 | D:1      | 614 ||| CASTING Summon Small Mammal
   668 | D:1      | 668 ||| CASTING Summon Small Mammal
   669 | D:1      | 669 ||| CASTING Summon Small Mammal
   670 | D:1      | 670 ||| CASTING Summon Small Mammal
   680 | D:1      | 680 ||| CASTING Summon Small Mammal
   722 | D:1      | 722 ||| SWAPPING to +0 hand axe.
   728 | D:1      | 728 ||| CASTING Summon Small Mammal
   729 | D:1      | 729 ||| CASTING Summon Small Mammal
   730 | D:1      | 730 ||| CASTING Summon Small Mammal
   740 | D:1      | 740 ||| CASTING Summon Small Mammal
   752 | D:1      | 752 ||| CASTING Summon Small Mammal
   821 | D:1      | 821 ||| CASTING Summon Small Mammal
   822 | D:1      | 822 ||| Stepping ~*~*~tactically~*~*~ (stealth).
   823 | D:1      | 823 ||| CASTING Summon Small Mammal
   824 | D:1      | 824 ||| CASTING Summon Small Mammal
   833 | D:1      | 833 ||| CASTING Summon Small Mammal
   878 | D:1      | 878 ||| CASTING Summon Small Mammal
   879 | D:1      | 879 ||| CASTING Summon Small Mammal
   880 | D:1      | 880 ||| CASTING Summon Small Mammal
   957 | D:1      | 957 ||| CASTING Summon Small Mammal
   958 | D:1      | 958 ||| CASTING Summon Small Mammal
   959 | D:1      | 959 ||| CASTING Summon Small Mammal
  1160 | D:1      | 1160 ||| UPGRADING to +0 leather armour.
  1170 | D:1      | 1170 ||| DROPPING +0 robe.
  1171 | D:1      | 1171 ||| DROPPING amulet of magic regeneration.
  1172 | D:1      | 1172 ||| UPGRADING to ring of see invisible.
  1173 | D:1      | 1173 ||| READING scroll labelled HEMIBUNUCLEN.
  1174 | D:1      | 1174 ||| READING scroll labelled SUDARU KIOKAKH.
  1175 | D:1      | 1175 ||| READING scroll labelled ULEIXZ EJINA.
  1176 | D:1      | 1176 ||| DRINKING 2 green potions.
  1177 | D:1      | 1177 ||| DROPPING potion of magic.
  1203 | D:2      | Found a faded altar of an unknown god.
  1261 | D:2      | Reached skill level 2 in Axes
  1261 | D:2      | Reached XP level 3. HP: 26/28 MP: 4/4
  1322 | D:2      | 1322 ||| CASTING Summon Small Mammal
  1323 | D:2      | 1323 ||| CASTING Summon Small Mammal
  1324 | D:2      | 1324 ||| CASTING Summon Small Mammal
  1325 | D:2      | 1325 ||| CASTING Summon Small Mammal
  1328 | D:2      | 1328 ||| Stepping ~*~*~tactically~*~*~ (stealth).
  1334 | D:2      | 1334 ||| CASTING Summon Small Mammal
  1499 | D:2      | 1499 ||| CASTING Summon Small Mammal
  1500 | D:2      | 1500 ||| CASTING Summon Small Mammal
  1501 | D:2      | 1501 ||| CASTING Summon Small Mammal
  1718 | D:2      | 1718 ||| CASTING Summon Small Mammal
  1719 | D:2      | 1719 ||| CASTING Summon Small Mammal
  1720 | D:2      | 1720 ||| CASTING Summon Small Mammal
  1721 | D:2      | 1721 ||| CASTING Summon Small Mammal
  1761 | D:2      | 1761 ||| CASTING Summon Small Mammal
  1762 | D:2      | 1762 ||| CASTING Summon Small Mammal
  1763 | D:2      | 1763 ||| CASTING Summon Small Mammal
  1764 | D:2      | 1764 ||| CASTING Summon Small Mammal
  1831 | D:2      | 1831 ||| CASTING Summon Small Mammal
  1832 | D:2      | 1832 ||| CASTING Summon Small Mammal
  1833 | D:2      | 1833 ||| CASTING Summon Small Mammal
  1834 | D:2      | 1834 ||| CASTING Summon Small Mammal
  2003 | D:2      | 2003 ||| CASTING Summon Small Mammal
  2004 | D:2      | 2004 ||| CASTING Summon Small Mammal
  2005 | D:2      | 2005 ||| CASTING Summon Small Mammal
  2006 | D:2      | 2006 ||| CASTING Summon Small Mammal
  2128 | D:2      | 2128 ||| CASTING Summon Small Mammal
  2129 | D:2      | 2129 ||| CASTING Summon Small Mammal
  2130 | D:2      | 2130 ||| CASTING Summon Small Mammal
  2131 | D:2      | 2131 ||| CASTING Summon Small Mammal
  2213 | D:2      | 2213 ||| CASTING Summon Small Mammal
  2214 | D:2      | 2214 ||| CASTING Summon Small Mammal
  2215 | D:2      | 2215 ||| CASTING Summon Small Mammal
  2216 | D:2      | 2216 ||| CASTING Summon Small Mammal
  2262 | D:2      | 2262 ||| Stepping ~*~*~tactically~*~*~ (hiding).
  2266 | D:2      | 2266 ||| CASTING Summon Small Mammal
  2267 | D:2      | 2267 ||| CASTING Summon Small Mammal
  2268 | D:2      | 2268 ||| CASTING Summon Small Mammal
  2269 | D:2      | 2269 ||| CASTING Summon Small Mammal
  2316 | D:2      | 2316 ||| CASTING Summon Small Mammal
  2317 | D:2      | 2317 ||| CASTING Summon Small Mammal
  2318 | D:2      | 2318 ||| CASTING Summon Small Mammal
  2319 | D:2      | 2319 ||| CASTING Summon Small Mammal
  2368 | D:2      | 2368 ||| CASTING Summon Small Mammal
  2387 | D:2      | 2387 ||| UPGRADING to +0 ring mail.
  2537 | D:2      | 2537 ||| UPGRADING to +0 cloak.
  2542 | D:2      | 2542 ||| DROPPING +0 leather armour.
  2584 | D:2      | 2584 ||| CASTING Summon Small Mammal
  2585 | D:2      | 2585 ||| CASTING Summon Small Mammal
  2586 | D:2      | 2586 ||| CASTING Summon Small Mammal
  2587 | D:2      | 2587 ||| CASTING Summon Small Mammal
  2595 | D:2      | Reached XP level 4. HP: 35/36 MP: 1/5
  2719 | D:2      | 2719 ||| CASTING Summon Small Mammal
  2722 | D:2      | 2722 ||| CASTING Summon Small Mammal
  2723 | D:2      | 2723 ||| CASTING Summon Small Mammal
  2724 | D:2      | 2724 ||| CASTING Summon Small Mammal
  2725 | D:2      | 2725 ||| CASTING Summon Small Mammal
  2730 | D:2      | 2730 ||| CASTING Summon Small Mammal
  2891 | D:2      | 2891 ||| READING scroll labelled PUADOU XUZXIKK.
  2892 | D:2      | 2892 ||| DRINKING 2 white potions.
  2893 | D:2      | 2893 ||| DRINKING 2 inky potions.
  2935 | D:3      | 2935 ||| CASTING Summon Small Mammal
  2936 | D:3      | 2936 ||| CASTING Summon Small Mammal
  2937 | D:3      | 2937 ||| CASTING Summon Small Mammal
  2938 | D:3      | 2938 ||| CASTING Summon Small Mammal
  2939 | D:3      | 2939 ||| CASTING Summon Small Mammal
  3008 | D:3      | 3008 ||| CASTING Summon Small Mammal
  3009 | D:3      | 3009 ||| CASTING Summon Small Mammal
  3010 | D:3      | 3010 ||| CASTING Summon Small Mammal
  3011 | D:3      | 3011 ||| CASTING Summon Small Mammal
  3126 | D:3      | 3126 ||| CASTING Summon Small Mammal
  3144 | D:3      | Reached skill level 3 in Axes
  3336 | D:3      | 3336 ||| Stepping ~*~*~tactically~*~*~ (stealth).
  3337 | D:3      | 3337 ||| Stepping ~*~*~tactically~*~*~ (stealth).
  3338 | D:3      | 3338 ||| CASTING Summon Small Mammal
  3340 | D:3      | 3340 ||| CASTING Summon Small Mammal
  3341 | D:3      | 3341 ||| CASTING Summon Small Mammal
  3342 | D:3      | 3342 ||| CASTING Summon Small Mammal
  3343 | D:3      | 3343 ||| CASTING Summon Small Mammal
  3417 | D:3      | 3417 ||| CASTING Summon Small Mammal
  3418 | D:3      | 3418 ||| CASTING Summon Small Mammal
  3419 | D:3      | 3419 ||| CASTING Summon Small Mammal
  3420 | D:3      | 3420 ||| CASTING Summon Small Mammal
  3421 | D:3      | 3421 ||| CASTING Summon Small Mammal
  3540 | D:3      | 3540 ||| CASTING Summon Small Mammal
  3541 | D:3      | 3541 ||| CASTING Summon Small Mammal
  3542 | D:3      | 3542 ||| CASTING Summon Small Mammal
  3543 | D:3      | 3543 ||| CASTING Summon Small Mammal
  3544 | D:3      | 3544 ||| CASTING Summon Small Mammal
  3696 | D:3      | 3696 ||| CASTING Summon Small Mammal
  3697 | D:3      | 3697 ||| CASTING Summon Small Mammal
  3698 | D:3      | 3698 ||| CASTING Summon Small Mammal
  3699 | D:3      | 3699 ||| CASTING Summon Small Mammal
  3700 | D:3      | 3700 ||| CASTING Summon Small Mammal
  3762 | D:3      | 3762 ||| CASTING Summon Small Mammal
  3763 | D:3      | 3763 ||| CASTING Summon Small Mammal
  3764 | D:3      | 3764 ||| CASTING Summon Small Mammal
  3765 | D:3      | 3765 ||| CASTING Summon Small Mammal
  3766 | D:3      | 3766 ||| CASTING Summon Small Mammal
  3840 | D:3      | 3840 ||| CASTING Summon Small Mammal
  3841 | D:3      | 3841 ||| CASTING Summon Small Mammal
  3842 | D:3      | 3842 ||| CASTING Summon Small Mammal
  3843 | D:3      | 3843 ||| CASTING Summon Small Mammal
  3891 | D:3      | 3891 ||| CASTING Summon Small Mammal
  3892 | D:3      | 3892 ||| CASTING Summon Small Mammal
  3893 | D:3      | 3893 ||| CASTING Summon Small Mammal
  3893 | D:3      | Noticed a necrophage
  3894 | D:3      | 3894 ||| CASTING Summon Small Mammal
  3899 | D:3      | 3899 ||| CASTING Summon Small Mammal
  3901 | D:3      | 3901 ||| CASTING Summon Small Mammal
  3912 | D:3      | 3912 ||| CASTING Summon Small Mammal
  3914 | D:3      | Killed a necrophage
  3915 | D:3      | Reached skill level 4 in Axes
  3915 | D:3      | Reached XP level 5. HP: 30/41 MP: 0/6
  4018 | D:3      | 4018 ||| CASTING Summon Small Mammal
  4019 | D:3      | 4019 ||| CASTING Summon Small Mammal
  4020 | D:3      | 4020 ||| CASTING Summon Small Mammal
  4155 | D:3      | 4155 ||| UPGRADING to amulet of regeneration.
  4160 | D:3      | 4160 ||| READING scroll labelled HUGRIU ZINYELA.
  4185 | D:4      | 4185 ||| CASTING Summon Small Mammal
  4186 | D:4      | 4186 ||| STAIRDANCE
  4231 | D:4      | Found a snail-covered altar of Cheibriados.
  4232 | D:4      | 4232 ||| CASTING Summon Small Mammal
  4233 | D:4      | 4233 ||| CASTING Summon Small Mammal
  4234 | D:4      | 4234 ||| CASTING Summon Small Mammal
  4235 | D:4      | 4235 ||| CASTING Summon Small Mammal
  4236 | D:4      | 4236 ||| CASTING Summon Small Mammal
  4237 | D:4      | 4237 ||| CASTING Summon Small Mammal
  4385 | D:4      | 4385 ||| CASTING Summon Small Mammal
  4386 | D:4      | 4386 ||| CASTING Summon Small Mammal
  4387 | D:4      | 4387 ||| CASTING Summon Small Mammal
  4388 | D:4      | 4388 ||| CASTING Summon Small Mammal
  4389 | D:4      | 4389 ||| CASTING Summon Small Mammal
  4390 | D:4      | 4390 ||| CASTING Summon Small Mammal
  4474 | D:4      | 4474 ||| CASTING Summon Small Mammal
  4475 | D:4      | 4475 ||| CASTING Summon Small Mammal
  4476 | D:4      | 4476 ||| CASTING Summon Small Mammal
  4477 | D:4      | 4477 ||| CASTING Summon Small Mammal
  4517 | D:4      | 4517 ||| CASTING Summon Small Mammal
  4518 | D:4      | 4518 ||| CASTING Summon Small Mammal
  4519 | D:4      | 4519 ||| CASTING Summon Small Mammal
  4520 | D:4      | 4520 ||| CASTING Summon Small Mammal
  4521 | D:4      | 4521 ||| CASTING Summon Small Mammal
  4654 | D:4      | Found Toecw's Weapon Shop.
  4681 | D:4      | 4681 ||| CASTING Summon Small Mammal
  4784 | D:4      | 4784 ||| CASTING Summon Small Mammal
  4785 | D:4      | 4785 ||| CASTING Summon Small Mammal
  4786 | D:4      | 4786 ||| CASTING Summon Small Mammal
  4787 | D:4      | 4787 ||| CASTING Summon Small Mammal
  4867 | D:4      | Noticed Eustachio
  4868 | D:4      | 4868 ||| CASTING Summon Small Mammal
  4869 | D:4      | 4869 ||| CASTING Summon Small Mammal
  4872 | D:4      | 4872 ||| CASTING Summon Small Mammal
  4873 | D:4      | 4873 ||| CASTING Summon Small Mammal
  4880 | D:4      | HP: 10/42 [iron imp[Eustachio] (4)]
  4881 | D:4      | HP: 4/42 [Eustachio/+0 falchion (6)]
  4881 | D:4      | Slain by an iron imp

Levels and vault maps discovered:
D:1:      heliophobic_arrival_enchanted_forest, layout_rooms
D:2:      layout_basic, serial_glass, glass_columns_c, glass_columns_c,
          item_on_display_a, nicolae_ecumenical_oubliette, roderic_roman_lattice
D:3:      layout_basic, tso_oasis_becter, kennysheep_nondescript
D:4:      layout_loops_corners, slow_altar_1, serial_shops, nicolae_square_shop,
          hangedman_decor_lopped, corexii_shack, uniq_eustachio

Skill      XL: |  1  2  3  4 |
---------------+-------------+-----
Axes           | 1 2 4 |  4.2
Fighting       | 1 2 |  2.6
Dodging        | |  1.7
Stealth        | |  2.1
Spellcasting   | |  1.7
Summonings     | |  3.6

Action                   |  1- 3 |  4- 6 || total
-------------------------+-------+-------++-------
Melee: Short sword       |    22 |       ||    22
       Unarmed           |     4 |       ||     4
       Dagger            |     1 |       ||     1
       Hand axe          |    69 |   171 ||   240
       Whip              |    15 |       ||    15
       Punch             |       |     1 ||     1
 Cast: Summon Small Mamm |    74 |    70 ||   144
  Use: Scroll            |     3 |     2 ||     5
       Potion            |     1 |     2 ||     3
 Stab: Distracted        |     2 |     2 ||     4
Armor: Robe              |    13 |       ||    13
       Leather armour    |    14 |       ||    14
       Ring mail         |     8 |    78 ||    86
Dodge: Dodged            |    60 |   101 ||   161

Table legend:
 A = Non-vault XP
 B = Vault XP
 C = Vault XP percentage of total XP
 D = Non-vault monster count
 E = Vault monster count
 F = Vault count percentage of total count
                 A         B        C        D         E       F
            +---------+---------+-------+---------+---------+-------
      Total |     285 |       5 |   1.7 |      68 |       1 |   1.4
            +---------+---------+-------+---------+---------+-------
        D:1 |      32 |       0 |   0.0 |      20 |       0 |   0.0
        D:2 |      70 |       0 |   0.0 |      18 |       0 |   0.0
        D:3 |     159 |       0 |   0.0 |      23 |       0 |   0.0
        D:4 |      24 |       5 |  17.2 |       7 |       1 |  12.5
            +---------+---------+-------+---------+---------+-------
